AoeStats
← [GDL] Maldito Pantoja

Nomad

504928541Analyzed
4v4 RM · 26d ago on Sep 7, 2026· 29m 3s· 8 players
Game mode
Random Map
Map size
231×231
Population
200
Speed
Normal
Resources
Standard
Victory
Conquest
Starting age
Dark Age
Ending age
Imperial Age
RankedLock teamsTeams togetherTeam positionsShared explorationLock speedFull tech treeHidden civsTurbo modeCheats
Victory
Defeat
🇺🇸 Ethiopians · United States
1473
+10
🇦🇷 Armenians · Argentina
1424
+12
🇻🇪 Burgundians · Venezuela
1397
+13
🇦🇷 Bulgarians · Argentina
1351
+14
🇹🇼 Aztecs · Taiwan
1399
-16
🇹🇼 Malians · Taiwan
1325
-12
🇲🇽 Persians · Mexico
1299
-11
🇬🇧 Goths · United Kingdom
1274
-10
偷偷
5:08 Loom
13:43 Feudal Age
17:40 Castle Age
15:26 Horse Collar
16:06 Double-Bit Axe
16:59 Gold Mining
18:03 Bloodlines
18:41 Bow Saw
22:07 Scale Barding Armor
24:16 Heavy Plow
25:16 Husbandry
27:01 Wheelbarrow
27:26 Stone Mining
29:30 Gold Shaft Mining
29:30 Stone Shaft Mining
[GDL] Maldito Pantoja
3:31 Loom
13:43 Feudal Age
17:15 Double-Bit Axe
18:21 Gold Mining
18:13 Horse Collar
26:26 Castle Age
25:52 Stone Mining
26:15 Forging
Ham Shank
3:18 Loom
14:34 Feudal Age
15:34 Double-Bit Axe
18:57 Castle Age
17:11 Fishing Lines
18:56 Fletching
20:57 Bow Saw
23:33 Town Watch
26:44 Horse Collar
LuLALa
3:35 Loom
15:57 Feudal Age
20:02 Castle Age
17:47 Fishing Lines
19:16 Double-Bit Axe
21:07 Medium Warships
21:50 Fletching
Freakcles
4:51 Loom
12:37 Feudal Age
14:29 Double-Bit Axe
17:00 Fletching
21:36 Castle Age
21:40 Crossbowman
22:48 Bodkin Arrow
25:41 Horse Collar
Potro Occidental
7:31 Loom
12:59 Feudal Age
13:17 Double-Bit Axe
13:58 Loom
16:41 Gold Mining
22:47 Castle Age
21:30 Bow Saw
22:05 Horse Collar
25:41 Wheelbarrow
28:04 Hand Cart
Polenta
5:18 Loom
12:42 Feudal Age
13:36 Double-Bit Axe
14:37 Fletching
22:17 Castle Age
20:48 Gold Mining
21:08 Stone Mining
22:55 Bodkin Arrow
23:14 Medium Warships
24:07 Bow Saw
25:20 Town Watch
29:06 Ballistics
[Traidor] Christoffel
4:44 Loom
13:22 Feudal Age
13:51 Horse Collar
18:01 Castle Age
16:57 Double-Bit Axe
17:29 Fishing Lines
19:46 Scale Barding Armor
20:33 Chain Barding Armor
20:58 Forging
21:27 Horse Collar
25:56 Iron Casting
26:32 Wheelbarrow
28:29 Bow Saw
28:19 Heavy Plow
28:11 Gold Mining
29:15 Scale Mail Armor
Connection lost

Rejoining the realm…

Still unreachable

The connection could not be restored.

Session expired

The server has moved on; the page needs a fresh start.